 Dungeon Crawl Stone Soup version 0.29.0-4-gdea44cf6ec (webtiles) character file.

Game seed: 7897820170157732837

167 qw the Chopper (level 5, -2/32 HPs)
             Began as a Gargoyle Fighter on Sept 4, 2022.
             Was an Initiate of Okawaru.
             Slain by an orc
             ... wielding a +0 trident
              (6 damage)
             ... on level 4 of the Dungeon.
             The game lasted 00:01:22 (3545 turns).

qw the Chopper (Gargoyle Fighter)                   Turns: 3545, Time: 00:01:23

Health: -2/32      AC: 12    Str: 22    XL:     5   Next: 48%
Magic:  5/5        EV: 13    Int:  8    God:    Okawaru [......]
Gold:   207        SH:  4    Dex:  9    Spells: 4/4 levels left

rFire   . . .      SeeInvis .   Y - +1 war axe
rCold   . . .      Faith    .   c - +0 buckler
rNeg    + . .      Spirit   .   b - +0 scale mail
rPois   inf        Reflect  .   f - +0 helmet
rElec   +          Harm     .   (no cloak)
rCorr   .          Rampage  .   (no gloves)
Will    .....                   (no boots)
Stlth   ..........              (no amulet)
HPRegen 0.10/turn               k - +4 ring of evasion
MPRegen 0.09/turn               (no ring)

@: about to teleport
A: sickness immunity, AC +4, negative energy resistance 1, electricity
resistance, torment resistance 1, petrification resistance
a: Renounce Religion


You were on level 4 of the Dungeon.
You worshipped Okawaru.
Okawaru was noncommittal.
You visited 1 branch of the dungeon, and saw 4 of its levels.

You collected 207 gold pieces.


Innate Abilities, Weirdness & Mutations

You are immune to sickness and miasma.
Your stone body is resilient. (AC +4)
You are immune to poison.
You resist negative energy. (rN+)
You are resistant to electric shocks. (rElec)
You are resistant to unholy torment.
You are immune to petrification.


   Skills:
 + Level 3.2 Fighting
 - Level 5.0 Axes
 - Level 3.2 Armour
 - Level 3.2 Shields


You had 4 spell levels left.
You didn't know any spells.
Your spell library was empty.

Inventory:

Hand Weapons
 l - a +0 whip
 Y - a +1 war axe (weapon)
Armour
 b - a +0 scale mail (worn)
 c - a +0 buckler (worn)
 f - a +0 helmet (worn)
Jewellery
 k - a +4 ring of evasion (left hand)
Scrolls
 h - a scroll of identify
Potions
 a - a potion of heal wounds {unknown}
 d - a potion of might
 g - a potion of berserk rage {unknown}
 i - a potion of lignification {unknown}
 j - a potion of attraction {unknown}
 o - a potion of cancellation {unknown}
 p - 2 potions of curing

Dungeon Overview and Level Annotations

Branches:
Dungeon (4/15)
 Temple: D:4-7

Altars:
Elyvilon
Fedhas
Kikubaaqudgha
Nemelex Xobeh
Okawaru
Ru
Sif Muna
Vehumet
Wu Jian
Zin


Message History

Okawaru accepts your kill. The orc wizard casts a spell at you.
The magic dart hits you.
You barely miss the orc wizard. You slash the orc wizard!
The orc wizard is heavily wounded.
The orc hits you but does no damage.
The orc priest mumbles some strange prayers to Beogh against you.
Beogh smites you!
The orc wizard gestures at you while chanting.
The magic dart hits you but does no damage.
You closely miss the orc wizard.
The orc wizard is heavily wounded.
You block the orc wizard's attack.
The orc wizard hits you with a +0 dagger.
The orc priest barely misses you.
You slash the orc wizard!
You kill the orc wizard!
Okawaru accepts your kill.
You hit the orc priest.
Your Axes skill increases to level 5!
You hit the orc priest.
The orc priest is heavily wounded.
The orc priest hits you but does no damage.
You block the orc's attack.
You closely miss the orc priest.
The orc priest is heavily wounded.
The orc priest misses you.
The orc hits you from afar with a +0 trident.
You hit the orc priest.
The orc priest is severely wounded.
The orc priest invokes the aid of Beogh against you.
Pain shoots through your body! The orc closely misses you. The orc misses you.
The orc priest hits you but does no damage.
3545 ||| READING scroll of teleportation.
As you read the scroll of teleportation, it crumbles to dust.
You feel strangely unstable. The orc priest barely misses you.
The orc hits you from afar with a +0 trident.
You die...

### ######.# #......##
##.......#
###........###
####.#......##..#
#.#.........#...#
..........#.#.#%##
#..............o@#
#........##.#.#.##
...<.....#.....o.oo..o.
.........##.#.#o#....##
...........>........##
.##.......#.# #.# .##
.##.......... ... ##
...%.>....... ...
......#...... ...


You could see an orc priest, an orc wizard and an orc.

Vanquished Creatures
  2 orc wizards
  4 adders
  A worm (D:3)
  4 orcs
  7 ball pythons
  9 bats
  8 endoplasms
  4 giant cockroaches
  4 goblins
  10 hobgoblins
  2 jackals (D:1)
  3 kobolds
  3 quokkas (D:1)
  A frilled lizard (D:3)
  8 rats
70 creatures vanquished.

Vanquished Creatures (others)
  3 plants (D:1)
3 creatures vanquished.

Grand Total: 73 creatures vanquished

Notes
Turn   | Place    | Note
-------+----------+-------------------------------------------
     0 | D:1      | qw the Gargoyle Fighter began the quest for the Orb.
     0 | D:1      | Reached XP level 1. HP: 14/14 MP: 1/1
     0 | D:1      | 0 ||| qw: Version: 0.1-a-102-g441f92d
     0 | D:1      | 0 ||| qw: Game counter: 5333
     0 | D:1      | 0 ||| qw: Always use a shield: true
     0 | D:1      | 0 ||| qw: God list: Okawaru
     0 | D:1      | 0 ||| qw: Allow faded altars: false
     0 | D:1      | 0 ||| qw: Do Orc after D:15 true
     0 | D:1      | 0 ||| qw: Do second Lair branch before Depths: true
     0 | D:1      | 0 ||| qw: Lair rune preference: random
     0 | D:1      | 0 ||| qw: Plans: Normal
     0 | D:1      | 0 ||| PLANNING D:1-11
    56 | D:1      | Reached skill level 2 in Axes
   305 | D:1      | Reached XP level 2. HP: 17/19 MP: 2/2
   371 | D:1      | 371 ||| DROPPING +0 club.
   382 | D:1      | 382 ||| Stepping ~*~*~tactically~*~*~ (stealth).
   383 | D:1      | 383 ||| Stepping ~*~*~tactically~*~*~ (stealth).
   609 | D:1      | Reached skill level 3 in Axes
   686 | D:1      | Found a faded altar of an unknown god.
   719 | D:1      | Reached XP level 3. HP: 23/23 MP: 3/3
  1178 | D:1      | 1178 ||| UPGRADING to +0 helmet.
  1183 | D:1      | 1183 ||| DROPPING +2 hat.
  1184 | D:1      | 1184 ||| UPGRADING to +4 ring of evasion.
  1185 | D:1      | 1185 ||| READING scroll labelled DAXICHU XUKIFA.
  1186 | D:1      | 1186 ||| DRINKING 2 pink potions.
  1287 | D:1      | 1287 ||| DROPPING potion of ambrosia.
  1821 | D:2      | Reached XP level 4. HP: 28/28 MP: 4/4
  2026 | D:2      | 2026 ||| Stepping ~*~*~tactically~*~*~ (stealth).
  2040 | D:2      | Reached skill level 4 in Axes
  2050 | D:2      | HP: 6/28 [something/puff of flame (4)]
  2636 | D:2      | 2636 ||| DROPPING +3 leather armour.
  2637 | D:2      | 2637 ||| READING scroll labelled VOLIRPHU ATEA.
  2638 | D:2      | 2638 ||| READING scroll labelled INTOSTRA CEMUIP.
  2639 | D:2      | 2639 ||| READING scroll labelled JAXEOH SOYMYA.
  2640 | D:2      | 2640 ||| READING scroll labelled OJECEI IHUQAL.
  2641 | D:2      | 2641 ||| READING scroll labelled KIUDEOR WETSIA.
  2642 | D:2      | 2642 ||| READING 3 scrolls of identify.
  2642 | D:2      | 2642 ||| IDENTIFYING orange potion
  2643 | D:2      | 2643 ||| READING 2 scrolls of identify.
  2643 | D:2      | 2643 ||| IDENTIFYING golden potion
  2644 | D:2      | 2644 ||| DROPPING potion of flight.
  2645 | D:2      | 2645 ||| DROPPING potion of brilliance.
  2894 | D:3      | Reached XP level 5. HP: 32/32 MP: 5/5
  2982 | D:3      | 2982 ||| Stepping ~*~*~tactically~*~*~ (stealth).
  3192 | D:3      | Found a glowing silver altar of Zin.
  3195 | D:3      | Found an iron altar of Okawaru.
  3198 | D:3      | Found a white marble altar of Elyvilon.
  3200 | D:3      | Became a worshipper of Warmaster Okawaru
  3202 | D:3      | Found a sparkling altar of Nemelex Xobeh.
  3203 | D:3      | Found a shimmering blue altar of Sif Muna.
  3203 | D:3      | Found an ornate altar of the Wu Jian Council.
  3203 | D:3      | Found a radiant altar of Vehumet.
  3203 | D:3      | Found an ancient bone altar of Kikubaaqudgha.
  3205 | D:3      | Found a blossoming altar of Fedhas.
  3207 | D:3      | Found a sacrificial altar of Ru.
  3373 | D:3      | 3373 ||| READING scroll labelled XINOTRO ILAR.
  3374 | D:3      | 3374 ||| READING scroll labelled FIMPOUDOEPS.
  3375 | D:3      | 3375 ||| READING 2 scrolls labelled JIR LUXUJAE.
  3380 | D:3      | 3380 ||| READING scroll labelled NAREUSCH SAVO.
  3381 | D:3      | 3381 ||| DRINKING 3 brown potions.
  3529 | D:4      | 3529 ||| Stepping ~*~*~tactically~*~*~ (stealth).
  3531 | D:4      | 3531 ||| Stepping ~*~*~tactically~*~*~ (stealth).
  3533 | D:4      | 3533 ||| Stepping ~*~*~tactically~*~*~ (hiding).
  3542 | D:4      | Reached skill level 5 in Axes
  3544 | D:4      | HP: 4/32 [orc priest/nerve-wracking pain (7)]
  3545 | D:4      | 3545 ||| READING scroll of teleportation.
  3545 | D:4      | Slain by an orc

Levels and vault maps discovered:
D:1:      wander_arrival_desolate, layout_basic,
          shapermc_ecumenical_altar_mp_urbaneastern, minmay_pentomino_r2
D:2:      layout_loops_corners, kennysheep_small_spiral, grunt_ministairs_4,
          serial_park_tiny_pond, minmay_goblin_kobold_house
D:3:      layout_rooms, minitemple, serial_curves, eino_curves_03,
          eino_curves_02, eino_curves_01
D:4:      minmay_razor_zed, layout_cave_pools, st_stairs_8

Skill      XL: |  1  2  3  4  5 |
---------------+----------------+-----
Axes           | 2 3 4 5 |  5.0
Fighting       | |  3.2
Armour         | |  3.2
Shields        | |  3.2

Action                   |  1- 3 |  4- 6 || total
-------------------------+-------+-------++-------
Melee: War axe           |   120 |   104 ||   224
  Use: Scroll            |     1 |    12 ||    13
       Potion            |     1 |     1 ||     2
Armor: Scale mail        |    52 |    55 ||   107
Dodge: Dodged            |    79 |    50 ||   129
Block: Buckler           |    28 |    19 ||    47

Table legend:
 A = Non-vault XP
 B = Vault XP
 C = Vault XP percentage of total XP
 D = Non-vault monster count
 E = Vault monster count
 F = Vault count percentage of total count
                 A         B        C        D         E       F
            +---------+---------+-------+---------+---------+-------
      Total |     211 |      28 |  11.7 |      60 |      10 |  14.3
            +---------+---------+-------+---------+---------+-------
        D:1 |      45 |       1 |   2.2 |      27 |       1 |   3.6
        D:2 |      88 |      14 |  13.7 |      16 |       8 |  33.3
        D:3 |      32 |       0 |   0.0 |      11 |       0 |   0.0
        D:4 |      46 |      13 |  22.0 |       6 |       1 |  14.3
            +---------+---------+-------+---------+---------+-------
